 Dungeon Sprint DCSS version 0.26-a0-474-gfaca0e1de5 (webtiles) character file.

Game seed: 14900350688787734675

18 Baz the Shield-Bearer (level 2, -7/25 HPs)
             Began as a Formicid Fighter on July 31, 2020.
             Was a Believer of Makhleb.
             Killed from afar by a deep elf mage (18 damage)
             ... with a lance of force
             ... in the Dungeon (Sprint VII: "The Pits").
             The game lasted 00:01:46 (484 turns).

Baz the Shield-Bearer (Formicid Fighter)             Turns: 484, Time: 00:01:47

Health: -7/25      AC: 12    Str: 20    XL:     2   Next: 90%
Magic:  2/2        EV:  6    Int:  7    God:    Makhleb [**....]
Gold:   0          SH:  9    Dex: 10    Spells: 1/1 levels left

rFire    . . .     SeeInvis +   l - +2 hand axe
rCold    . . .     Faith    .   c - +0 kite shield
rNeg     . . .     Spirit   .   m - +3 chain mail
rPois    .         Reflect  .   (helmet unavailable)
rElec    .         Harm     .   (no cloak)
rCorr    .                      (no gloves)
MR       .....                  (no boots)
Stlth    ..........             (no amulet)
HPRegen  0.08/turn              (no ring)
MPRegen  0.08/turn              (no ring)

@: no status effects
A: permanent stasis, dig shafts and tunnels, four strong arms, antennae 3
a: Dig, Minor Destruction, Renounce Religion


You were in the Dungeon.
You worshipped Makhleb.
Makhleb was pleased with you.
You visited 1 branch

Inventory:

Hand Weapons
 a - a +0 war axe
 l - a +2 hand axe (weapon)
 n - a +0 hand axe of freezing
Armour
 b - a +0 scale mail
 c - a +0 kite shield (worn)
 m - a +3 chain mail (worn)
Scrolls
 i - 3 scrolls of remove curse
 j - 5 scrolls of amnesia
 k - a scroll of summoning
Potions
 d - a potion of might
 e - 6 potions of curing
 f - 6 potions of heal wounds
 g - 4 potions of magic
 h - 2 potions of invisibility


   Skills:
 + Level 4.3 Fighting
 * Level 3.2 Axes
 + Level 4.3 Armour
 + Level 4.7 Shields
 + Level 0.2 Invocations


You had one spell level left.
You didn't know any spells.
Your spell library was empty.

Dungeon Overview and Level Annotations

Branches:
Dungeon (1/1)

Altars:
Ashenzari
Cheibriados
Dithmenos
Elyvilon
Fedhas
Gozag
Hepliaklqana
Kikubaaqudgha
Makhleb
Nemelex Xobeh
Okawaru
Qazlal
Ru
Sif Muna
Trog
Uskayaw
Vehumet
Wu Jian
Xom
Yredelemnul
Zin
The Shining One
Beogh
Jiyva
Lugonu


Innate Abilities, Weirdness & Mutations

You cannot be hasted, slowed, berserked, paralysed or teleported.
You can dig through walls and to a lower floor.
Your four strong arms can wield two-handed weapons with a shield.
You have a pair of large antennae on your head. (SInv)


Message History

The magic dart hits you!
Okay, then.
You hit the deep elf mage but do no damage.
The deep elf mage is severely wounded.
You block the deep elf mage's attack.
You barely miss the deep elf mage.
The deep elf mage is severely wounded.
You block the deep elf mage's attack.
You hit the deep elf mage but do no damage.
The deep elf mage is severely wounded.
You block the deep elf mage's attack.
You closely miss the deep elf mage.
The deep elf mage is severely wounded.
The deep elf mage hits you but does no damage.
You hit the deep elf mage but do no damage.
The deep elf mage is severely wounded.
The deep elf mage points at you and mumbles some strange words.
The lance of force hits you!!
Ouch! That really hurt!
You die...

############
#_________.#
#_________.#
#_______...#########
##########'##.......
#..(!?)))'.##......#
##########.##.......
#oe@......(.'....(..
#g#####'#####......#
#{#..#..(†.##....(..
#{#))#####(#####'###
#{#))#...(.##.......
#{#.)#.....##.......
#.#.[###'####.......
#.##'#.†.†.##...<...
#.#........##.......


You could see a deep elf mage, a gnoll and an orc.

Vanquished Creatures
  A gnoll (D)
  A leopard gecko (D)
  A goblin (D)
  2 quokkas (D)
  2 frilled lizards (D)
  2 kobolds (D)
9 creatures vanquished.

Notes
Turn   | Place    | Note
-------+----------+-------------------------------------------
     0 | D        | Baz the Formicid Fighter began the quest for the Orb.
     0 | D        | Reached XP level 1. HP: 18/18 MP: 1/1
    26 | D        | Found a bloodstained altar of Trog.
    26 | D        | Found a shimmering blue altar of Sif Muna.
    26 | D        | Found a viscous altar of Jiyva.
    26 | D        | Found a hazy altar of Hepliaklqana.
    26 | D        | Found an opulent altar of Gozag.
    27 | D        | Found a glowing golden altar of the Shining One.
    27 | D        | Found a glowing silver altar of Zin.
    27 | D        | Found a basalt altar of Yredelemnul.
    27 | D        | Found a shimmering altar of Xom.
    27 | D        | Found an ornate altar of the Wu Jian Council.
    27 | D        | Found a sacrificial altar of Ru.
    27 | D        | Found a stormy altar of Qazlal.
    27 | D        | Found an iron altar of Okawaru.
    27 | D        | Found a sparkling altar of Nemelex Xobeh.
    27 | D        | Found a burning altar of Makhleb.
    27 | D        | Found a blossoming altar of Fedhas.
    27 | D        | Found a white marble altar of Elyvilon.
    27 | D        | Found a shadowy altar of Dithmenos.
    27 | D        | Found a snail-covered altar of Cheibriados.
    28 | D        | Found a radiant altar of Vehumet.
    28 | D        | Found a corrupted altar of Lugonu.
    28 | D        | Found a roughly hewn altar of Beogh.
    29 | D        | Found a hide-covered altar of Uskayaw.
    29 | D        | Found an ancient bone altar of Kikubaaqudgha.
    29 | D        | Found a shattered altar of Ashenzari.
    35 | D        | Became a worshipper of Makhleb the Destroyer
   233 | D        | Reached * piety under Makhleb
   233 | D        | Reached XP level 2. HP: 16/25 MP: 2/2
   372 | D        | Reached ** piety under Makhleb
   442 | D        | Noticed a wight
   442 | D        | Noticed a wight
   442 | D        | Noticed a wight
   442 | D        | Noticed a deep elf mage
   484 | D        | Killed from afar by a deep elf mage

Illustrated notes

Levels and vault maps discovered:
D:        pitsprint [storerooms_1, entrance_room_1, metal_vault_7, armoury_1,
          mini_pit_1, grid_room_1, main_hall_1, silver_pit, the_coven_2,
          the_vestibule_1, steel_vault_3, golden_pit, hallway_of_sentries,
          crystal_vault_4, iron_vault_4, final_vault]

Skill      XL: |  1 |
---------------+----+-----
Shields        | 4 |  4.7
Fighting       | 4 |  4.3
Axes           | 3 |  3.2
Armour         | 4 |  4.3
Invocations    | |  0.2

Action                   || total
-------------------------++-------
Melee: Hand axe          ||    54
       War axe           ||    10
Armor: Scale mail        ||     9
       Chain mail        ||    11
Dodge: Dodged            ||    18
Block: Kite shield       ||    24

Table legend: (Time is in decaauts)
 A = Elapsed time spent in this place.
 B = Non-inter-level travel time spent in this place.
 C = Inter-level travel time spent in this place.
 D = Time resting spent in this place.
 E = Time spent auto-exploring this place.
 F = Levels seen in this place.
 G = Mean time per level.
                   A        B        C        D        E       F      G
               +--------+--------+--------+--------+--------+-----+--------+
         Total |    499 |    499 |      0 |    238 |      0 |   1 |  499.0 |
       Dungeon |    499 |    499 |      0 |    238 |      0 |   1 |  499.0 |
               +--------+--------+--------+--------+--------+-----+--------+

Top non-repeatable levels by time:
       D: 499 daAuts
